 Dungeon Crawl Stone Soup version 0.29-a0-2-g12fcac58f8 (webtiles) character file.

Game seed: 4229204728931162909

66 HallandMoats the Skirmisher (level 4, -4/40 HPs)
             Began as a Ghoul Monk on Jan 27, 2022.
             Killed from afar by Sigmund (7 damage)
             ... with a magic dart
             ... on level 2 of the Dungeon.
             The game lasted 00:02:00 (1698 turns).

HallandMoats the Skirmisher (Ghoul Monk)            Turns: 1698, Time: 00:02:00

Health: -4/40      AC:  3    Str: 16    XL:     4   Next: 15%
Magic:  4/4        EV: 12    Int:  5    God:
Gold:   35         SH:  0    Dex: 11    Spells: 3/3 levels left

rFire   . . .      SeeInvis .     - Unarmed
rCold   + . .      Faith    .   (no shield)
rNeg    + + +      Spirit   .   f - +0 leather armour
rPois   ∞          Reflect  .   (no helmet)
rElec   .          Harm     .   (no cloak)
rCorr   .          Rampage  .   (no gloves)
Will    .....                   (no boots)
Stlth   ++........              b - amulet of the acrobat
HPRegen 0.00/turn               (no ring)
MPRegen 0.09/turn               (no ring)

@: attractive, inhibited regen
A: claws 1, cold resistance 1, negative energy resistance 3, inhibited
regeneration, torment resistance 2
a: no special abilities


You were on level 2 of the Dungeon.
You visited 1 branch of the dungeon, and saw 2 of its levels.

You collected 35 gold pieces.

Inventory:

Armour
 f - a +0 leather armour (worn)
Jewellery
 b - an amulet of the acrobat (around neck)
Scrolls
 c - a scroll of vulnerability


   Skills:
 * Level 4.0 Fighting
 + Level 0.8 Armour
 + Level 3.0 Dodging
 - Level 2.1 Stealth
 * Level 3.9 Unarmed Combat
 * Level 1.3 Invocations


You had 3 spell levels left.
You didn't know any spells.
Your spell library was empty.

Dungeon Overview and Level Annotations

Branches:
Dungeon (2/15)

Altars:

Annotations:
D:2 Sigmund


Innate Abilities, Weirdness & Mutations

You thrive by killing the living.
You are immune to poison.
You have sharp fingernails.
Your flesh is cold resistant. (rC+)
You are immune to negative energy. (rN+++)
You do not regenerate when monsters are visible.
You are immune to unholy pain and torment.


Message History

You completely miss Sigmund.
Sigmund is lightly wounded.
Sigmund barely misses you.
You scratch Sigmund but do no damage.
Sigmund is lightly wounded.
Sigmund barely misses you.
You barely miss Sigmund.
Sigmund is lightly wounded.
You completely miss Sigmund.
Sigmund is lightly wounded.
Sigmund hits you with a +0 scythe!
You scratch Sigmund.
Sigmund is lightly wounded.
You scratch Sigmund.
Sigmund is moderately wounded.
Sigmund hits you with a +0 scythe.
You completely miss Sigmund.
Sigmund is moderately wounded.
Sigmund points at you and mumbles some strange words.
You resist with some effort.
You scratch Sigmund.
Sigmund is heavily wounded.
Sigmund gestures at you while chanting. The puff of flame hits you!
* * * LOW HITPOINT WARNING * * *
You scratch Sigmund.
Sigmund is heavily wounded.
Sigmund barely misses you.
You scratch Sigmund.
Sigmund is heavily wounded.
You scratch Sigmund.
Sigmund is severely wounded.
Sigmund casts a spell at you. The magic dart hits you.
* * * LOW HITPOINT WARNING * * *
You closely miss Sigmund.
Sigmund is severely wounded.
Sigmund casts a spell at you. The magic dart hits you!
You die...

#...#.########.#### #.
#...#.............# #.
#...#.########.##.############
####...#.# ####........<.....# #
#......#.# #.....##...##.###.# #
#......#.# #.....##...##.# #.# #
#......#.####.....##......###.###
##'#...#.........................
##.########.####@.###..######.###
.#.########.####@.# #.. .....(.
.'........÷.......# #. #######
.#.########.####.## ## .......
##.# ####.# #.# ....... ##.#
#....# #'# ....... ...# #.####
... ....... ##.#####.# ...
.....S. #.......# ... .......


You could see Sigmund.

Vanquished Creatures
  3 adders (D:2)
  A worm (D:2)
  2 dart slugs (D:2)
  2 ball pythons
  4 endoplasms
  2 giant cockroaches
  2 hobgoblins
  A quokka (D:1)
  6 bats
  4 frilled lizards
  2 goblins (D:1)
  A kobold (D:1)
  3 rats
33 creatures vanquished.

Notes
Turn   | Place    | Note
-------+----------+-------------------------------------------
     0 | D:1      | HallandMoats the Ghoul Monk began the quest for the Orb.
     0 | D:1      | Reached XP level 1. HP: 19/19 MP: 0/0
   293 | D:1      | Reached XP level 2. HP: 26/26 MP: 1/1
   842 | D:2      | Reached XP level 3. HP: 26/33 MP: 2/2
   868 | D:2      | Reached skill level 1 in Invocations
  1335 | D:2      | Reached skill level 4 in Fighting
  1548 | D:2      | Reached XP level 4. HP: 40/40 MP: 2/4
  1625 | D:2      | Noticed Sigmund
  1698 | D:2      | Killed from afar by Sigmund

Illustrated notes

Levels and vault maps discovered:
D:1:      erik_arrival_triangle_small, layout_loops_cross, minmay_cupped
D:2:      layout_basic, grunt_ministairs_7, lemuel_old_faithful, uniq_sigmund

Skill      XL: |  1  2  3 |
---------------+----------+-----
Invocations    | 1 |  1.3
Dodging        | 3 |  3.0
Fighting       | 4 |  4.0
Armour         | |  0.8
Stealth        | |  2.1
Unarmed Combat | |  3.9

Action                   |  1- 3 |  4- 6 || total
-------------------------+-------+-------++-------
Melee: Unarmed           |   113 |    16 ||   129
       Punch             |     1 |     1 ||     2
  Use: Potion            |       |     3 ||     3
       Scroll            |       |     2 ||     2
 Stab: Sleeping          |     7 |       ||     7
Armor: Robe              |     1 |       ||     1
       Leather armour    |    23 |       ||    23
Dodge: Dodged            |   104 |     5 ||   109

Table legend: (Time is in decaauts)
 A = Elapsed time spent in this place.
 B = Non-inter-level travel time spent in this place.
 C = Inter-level travel time spent in this place.
 D = Time resting spent in this place.
 E = Time spent auto-exploring this place.
 F = Levels seen in this place.
 G = Mean time per level.
                   A        B        C        D        E       F      G
               +--------+--------+--------+--------+--------+-----+--------+
         Total |   1688 |   1665 |     23 |     41 |   1318 |   2 |  844.0 |
       Dungeon |   1688 |   1665 |     23 |     41 |   1318 |   2 |  844.0 |
               +--------+--------+--------+--------+--------+-----+--------+

Top non-repeatable levels by time:
     D:2: 884 daAuts
     D:1: 804 daAuts
